 Dungeon Crawl Stone Soup version 0.19-a0-1292-g796ee4d (webtiles) character file.

26 Duffy the Chopper (level 3, -7/29 HPs)
             Began as a Formicid Chaos Knight on Aug 30, 2016.
             Mangled by a hell knight
             ... wielding a +5 long sword of distortion
              (12 damage)
             ... on level 1 of the Abyss.
             The game lasted 00:01:17 (708 turns).

Duffy the Chopper (Formicid Chaos Knight)            Turns: 708, Time: 00:01:18

Health: -7/29      AC:  6    Str: 17    XL:     3   Next: 22%
Magic:  3/3        EV: 11    Int: 11    God:    Xom [*.....]
Gold:   4          SH:  0    Dex: 10    Spells: 0 memorised, 2 levels left

rFire  . . .     SeeInvis +     a - +0 hand axe (chaos)
rCold  . . .     Gourm    .     b - +2 leather armour
rNeg   . . .     Faith    .     (no shield)
rPois  .         Spirit   .     (helmet unavailable)
rElec  .         Dismiss  .     g - +0 cloak
rCorr  .         Reflect  .     (no gloves)
MR     .....     Harm     .     (no boots)
Stlth  +.........               (no amulet)
                                (no ring)
                                (no ring)

@: no status effects
A: permanent stasis, dig shafts and tunnels, four strong arms, antennae 3
a: Dig, Shaft Self, Renounce Religion


You were on level 1 of the Abyss.
You worshipped Xom.
You were a special plaything of Xom.
You were not hungry.

You visited 1 branch of the dungeon, and saw 4 of its levels.
You visited the Abyss 1 time.

You collected 4 gold pieces.

Inventory:

Hand Weapons
 a - a +0 hand axe of chaos (weapon)
Armour
 b - a +2 leather armour (worn)
 g - a +0 cloak (worn)
Potions
 e - a potion of curing {unknown}
 h - a potion of might {unknown}
Comestibles
 c - a bread ration
 d - 5 fruits
 f - a meat ration


   Skills:
 - Level 3.2 Fighting
 + Level 4.1 Axes
 - Level 2.1 Armour
 - Level 0.8 Dodging


You had 2 spell levels left.
You didn't know any spells.

Dungeon Overview and Level Annotations

Branches:
Dungeon (4/15)
 Temple: D:4-7

Altars:

Annotations:
D:4 Nattefrost's ghost, amateur HOGl


Innate Abilities, Weirdness & Mutations

You are under a permanent stasis effect.
You can dig through walls and to a lower floor.
Your four strong arms can wield two-handed weapons with a shield.
You have a pair of large antennae on your head. (SInv)


Message History

You feel a little less agile now.
Xom makes a sudden noise!
You hear the chiming of a distant gong.
You are now a special plaything of Xom.
You hear a shout! x5
You sense a monster nearby.
A hell knight comes into view.
It is wielding a long sword of distortion.
You hit the hell knight but do no damage.
The hell knight hits you with a long sword of distortion.
Space warps horribly around you!
Ouch! That really hurt!
Xom thinks this is hilarious!
You are too injured to fight recklessly!
You are too injured to fight recklessly!
You are too injured to fight recklessly!
Unknown command.
You hit the hell knight.
The hell knight is poisoned.
The hell knight is lightly wounded.
The hell knight hits you with a long sword of distortion!
You die...
Xom laughs nastily!

..#.#######
.......@.\#
#.##.#p####
... { ####
{


You could see a hell knight.

Vanquished Creatures
  A dart slug (D:4)
  A giant gecko (D:4)
  3 bats
  A giant cockroach (D:2)
  2 goblins
  2 hobgoblins (D:2)
  7 kobolds
  2 rats
19 creatures vanquished.

Notes
Turn   | Place    | Note
-------+----------+-------------------------------------------
     0 | D:1      | Duffy the Formicid Chaos Knight began the quest for the Orb.
     0 | D:1      | Reached XP level 1. HP: 18/18 MP: 1/1
   168 | D:2      | Reached XP level 2. HP: 20/24 MP: 2/2
   437 | D:3      | Reached skill level 4 in Axes
   437 | D:3      | Reached XP level 3. HP: 26/29 MP: 3/3
   501 | D:3      | XOM: silly message
   566 | D:4      | Noticed Nattefrost's ghost (amateur HOGl)
   573 | D:4      | XOM: potion effect (agility)
   591 | D:3      | XOM: medium Tloc miscast
   591 | D:3      | Cast into level 1 of the Abyss (the capriciousness of Xom)
   692 | Abyss:1  | XOM: noise
   706 | Abyss:1  | Noticed a hell knight
   708 | Abyss:1  | Mangled by a hell knight

Vault maps used:
D:1:      dpeg_arrival_more_subterranean_lakeside_camping
D:2:      ecumenical_altar_2
D:3:      first_bread
D:4:      enter_ossuary_4, uniq_menkaure

Skill      XL: |  1  2 |
---------------+-------+-----
Axes           | 4 |  4.1
Fighting       | |  3.2
Armour         | |  2.1
Dodging        | |  0.8

Action                   || total
-------------------------++-------
Melee: Hand axe          ||    85
 Stab: Confused          ||     1
Armor: Leather armour    ||    54
Dodge: Dodged            ||    68
